 Dungeon Crawl Stone Soup version 0.27-a0-1036-g8e1b44f6bd (webtiles) character file.

Game seed: 13522895969001550843

3571 siradein the Carver (level 9, 0/64 HPs)
             Began as a Demonspawn Fighter on Apr 18, 2021.
             Slain by Erica
             ... wielding a +1 scimitar of flaming
              (3 damage)
             ... on level 7 of the Dungeon.
             The game lasted 00:14:36 (8089 turns).

siradein the Carver (Demonspawn Fighter)            Turns: 8089, Time: 00:14:36

Health: 0/64       AC:  9    Str: 16    XL:     9   Next: 84%
Magic:  9/9        EV:  6    Int: 10    God:
Gold:   609        SH: 10    Dex: 16    Spells: 8/8 levels left

rFire    . . .     SeeInvis .   o - +2 long sword (freeze)
rCold    . . .     Faith    .   l - +0 buckler
rNeg     . . .     Spirit   .   G - +0 chain mail
rPois    .         Reflect  +   (no helmet)
rElec    .         Harm     .   (no cloak)
rCorr    .         Rampage  .   (no gloves)
Will     +....                  (no boots)
Stlth    ..........             a - amulet of reflection
HPRegen  0.20/turn              d - ring of willpower
MPRegen  0.11/turn              (no ring)

@: lethally poisoned (0 -> -11)
A: rugged brown scales 1, spiny 2, demonic magic 2
a: no special abilities


You were on level 7 of the Dungeon.
You visited 2 branches of the dungeon, and saw 9 of its levels.
You also visited: Ossuary.

You collected 609 gold pieces.

Inventory:

Hand Weapons
 o - a +2 long sword of freezing (weapon)
Missiles
 t - 14 boomerangs (quivered)
 y - 17 poisoned darts
 E - 2 curare-tipped darts
Armour
 c - a +0 kite shield
 l - a +0 buckler (worn)
 G - a +0 chain mail (worn)
Jewellery
 a - an amulet of reflection (around neck)
 d - a ring of willpower (left hand)
Wands
 s - a wand of flame (18)
Scrolls
 f - 2 scrolls of teleportation
 g - 2 scrolls of vulnerability
 h - 3 scrolls of enchant weapon
 q - a scroll of brand weapon {unknown}
 r - 3 scrolls of enchant armour
 v - 3 scrolls of amnesia
 C - 2 scrolls of immolation
 D - a scroll of acquirement {unknown}
 F - 2 scrolls of magic mapping
Potions
 e - 2 potions of lignification
 i - 2 potions of might
 j - 2 potions of haste
 k - a potion of brilliance
 m - a potion of heal wounds {unknown}
 n - 3 potions of attraction {unknown}
 p - 6 potions of curing {unknown}
 u - 2 potions of berserk rage {unknown}
 w - a potion of resistance {unknown}
 x - 2 potions of invisibility {unknown}
 z - 3 potions of mutation {unknown}
 A - 2 potions of flight {unknown}
 B - 2 potions of ambrosia {unknown}


   Skills:
 - Level 3.0 Fighting
 + Level 12.7 Long Blades
 - Level 2.6 Armour
 - Level 2.6 Shields


You had 8 spell levels left.
You didn't know any spells.
Your spell library contained the following spells:

 Spells                   Type           Power      Damage    Failure   Level
 Beastly Appendage        Tmut           0%         N/A       100%        1
 Corona                   Hex            0%         N/A       100%        1
 Ensorcelled Hibernation  Hex/Ice        0%         N/A       100%        2
 Wereblood                Tmut           0%         N/A       100%        2
 Confusing Touch          Hex            0%         N/A       100%        3
 Dazzling Flash           Conj/Hex       0%         N/A       100%        3
 Gell's Gravitas          Tloc           0%         N/A       100%        3
 Spider Form              Tmut/Pois      0%         N/A       100%        3
 Tukima's Dance           Hex            0%         N/A       100%        3
 Ice Form                 Ice/Tmut       0%         N/A       100%        4
 Petrify                  Tmut/Erth      0%         N/A       100%        4
 Hydra Form               Tmut           0%         N/A       100%        5
 Metabolic Englaciation   Hex/Ice        0%         N/A       100%        5
 Yara's Violent Unravell  Hex/Tmut       0%         3d3       100%        5


Dungeon Overview and Level Annotations

Branches:
Dungeon (8/15)             Temple (1/1) D:6         Ossuary (visited)
   Lair: D:8-11

Altars:
Ashenzari
Elyvilon
Gozag
Makhleb
Nemelex Xobeh
Okawaru
Ru
Sif Muna
Trog
Uskayaw
Wu Jian
Xom
Zin

Shops:
D:2 [   D:3 !   D:6 *

Annotations:
D:5 3 runed translucent doors, robertstho's ghost, novice HOFi
D:7 Erica


Innate Abilities, Weirdness & Mutations

You are partially covered in rugged brown scales. (AC +1, +3% HP)
You are mostly covered in sharp spines.
Spells you cast may paralyse nearby enemies.


Message History

You climb downwards.
There is a stone staircase leading up here.
Erica the Fiery-Tempered comes into view.
She is wielding a +1 scimitar of flaming and wearing a +1 robe of cold resistance.
There is a stone staircase leading up here.
There is a stone staircase leading up here.
Erica points at you and mumbles some strange words.
You resist with almost no effort.
There is a stone staircase leading up here.
Erica points at herself and mumbles some strange words.
Erica flickers and vanishes!
Deactivating autopickup; reactivate with Ctrl-A.
You climb upwards.
Reactivating autopickup.
There is a stone staircase leading down here.
Deactivating autopickup; reactivate with Ctrl-A.
You miss something. Something hits you! Something burns you.
You hear some strange, mumbled words.
A lance of force appears from out of thin air!
The lance of force misses you.
You hear some strange, mumbled words.
A bolt of poison appears from out of thin air!
The bolt of poison hits you!!
You are poisoned.
You feel very sick.
You feel very sick.
You feel sick.
You feel sick.
You feel sick.
You feel sick.
You hear some strange, mumbled words.
A bolt of poison appears from out of thin air!
The bolt of poison hits you!
You are more poisoned.
* * * LOW HITPOINT WARNING * * *
* * * LOW HITPOINT WARNING * * *
You feel very sick.
* * * LOW HITPOINT WARNING * * *
You feel very sick. Something hits you.
You die...

#.#................).[.##..
#.#######.##########...##.. #.#
#..#.....>..#....... #.#
#.##.######.#...##.. #.#
#.##.#..............
#.######.##.#.######..###..
#........##.#.# #..# #..
#######..##{#.## #..# #..
######...@....#####..###.#
#....#.###.#..##..........
#.##.#.##..#.............#
########.##.#.##.#...##.##.####.#
.........##.#...........##.####.#
###########.####.#...#####.(.....
# #.# #.##.## ######.# # #.#
#.##.# #.# # #.####.##.# #.#


There were no monsters in sight!

Vanquished Creatures
  Pikel (D:7)
  Sigmund (D:3)
  A steam dragon (D:7)
  A water moccasin (D:5)
  4 ice beasts
  Purgy (D:3)
  2 black bears
  3 ogres
  2 kobold brigands
  2 bullfrogs
  A scorpion (D:7)
  A water moccasin skeleton (D:5)
  6 killer bees
  11 wights
  2 hounds
  3 centaur skeletons
  Ijyb (D:2)
  Jessica (D:2)
  4 iguanas
  4 orc wizards
  A killer bee zombie (D:5)
  9 mummies
  6 adders
  A shadow imp (D:2)
  A white imp (D:6)
  An ufetubus (D:5)
  An adder skeleton (D:3)
  2 worms (D:3)
  2 dart slugs
  15 orcs
  5 ball pythons
  5 endoplasms
  7 giant cockroaches
  9 goblins
  11 hobgoblins
  2 jackals (D:2)
  15 kobolds
  4 quokkas
  2 bats (D:1)
  5 frilled lizards
  3 hobgoblin zombies (Ossuary)
  3 kobold zombies (Ossuary)
  2 orc zombies (Ossuary)
  7 rats
171 creatures vanquished.

Vanquished Creatures (others)
  2 plants (D:2)
2 creatures vanquished.

Grand Total: 173 creatures vanquished

Notes
Turn   | Place    | Note
-------+----------+-------------------------------------------
     0 | D:1      | siradein the Demonspawn Fighter began the quest for the
                  | Orb.
     0 | D:1      | Reached XP level 1. HP: 18/18 MP: 1/1
    67 | D:1      | Reached skill level 2 in Long Blades
   221 | D:1      | Gained mutation: You are partially covered in sharp spines.
                  | [demonic ancestry]
   221 | D:1      | Reached XP level 2. HP: 23/24 MP: 2/2
   297 | D:1      | Found a faded altar of an unknown god.
   367 | D:1      | Reached skill level 3 in Long Blades
   623 | D:1      | You fall into a shaft and drop 1 floor!
   790 | D:2      | Gained mutation: Spells you cast may paralyse adjacent
                  | enemies. [demonic ancestry]
   790 | D:2      | Reached XP level 3. HP: 29/29 MP: 3/3
   934 | D:2      | Found Qogarr's Antique Armour Shop.
  1304 | D:2      | Reached skill level 4 in Long Blades
  1304 | D:2      | Reached XP level 4. HP: 28/35 MP: 4/4
  1681 | D:3      | Noticed Purgy
  1681 | D:3      | Noticed Sigmund
  1714 | D:3      | Noticed Ijyb
  1714 | D:3      | Noticed Jessica
  1714 | D:3      | Paralysed by Ijyb for 6 turns
  1726 | D:2      | Paralysed by Ijyb for 7 turns
  1733 | D:2      | Killed Ijyb
  1734 | D:2      | Killed Jessica
  1735 | D:2      | Gained mutation: You are mostly covered in sharp spines.
                  | [demonic ancestry]
  1735 | D:2      | Reached XP level 5. HP: 25/41 MP: 5/5
  1969 | D:3      | Reached skill level 5 in Long Blades
  1997 | D:3      | Killed Sigmund
  1998 | D:3      | Reached skill level 6 in Long Blades
  1998 | D:3      | Reached XP level 6. HP: 15/47 MP: 6/6
  2546 | D:3      | Killed Purgy
  2547 | D:3      | Reached skill level 7 in Long Blades
  2619 | D:3      | Gained mutation: Spells you cast may paralyse nearby
                  | enemies. [demonic ancestry]
  2619 | D:3      | Reached XP level 7. HP: 52/52 MP: 7/7
  2638 | D:3      | Found Ozesoky's Distillery.
  2785 | D:3      | Found a broken altar of Ashenzari.
  2844 | D:3      | Found a sparkling altar of Nemelex Xobeh.
  2845 | D:3      | Found an opulent altar of Gozag.
  3431 | D:5      | Entered Level 5 of the Dungeon
  3472 | D:5      | Found a runed translucent gate.
  3472 | D:5      | Found a runed translucent gate.
  3473 | D:5      | Found a runed translucent gate.
  3523 | D:5      | Noticed robertstho's ghost (novice HOFi)
  3596 | D:5      | Reached skill level 8 in Long Blades
  3861 | D:5      | Reached XP level 8. HP: 47/58 MP: 8/8
  3955 | D:5      | Found an ornate altar of the Wu Jian Council.
  4257 | D:5      | Reached skill level 9 in Long Blades
  4368 | D:6      | Found a staircase to the Ecumenical Temple.
  4402 | Temple   | Entered the Ecumenical Temple
  4778 | D:6      | Found a sand-covered staircase.
  4787 | Ossuary  | Entered an ossuary
  4810 | Ossuary  | Reached skill level 10 in Long Blades
  5517 | D:6      | Found Qakhail's Assorted Antiques.
  6308 | D:7      | Gained mutation: You are partially covered in rugged brown
                  | scales. (AC +1, +3% HP) [demonic ancestry]
  6308 | D:7      | Reached XP level 9. HP: 58/64 MP: 9/9
  6389 | D:6      | Reached skill level 11 in Long Blades
  6645 | D:7      | Noticed Pikel
  6663 | D:7      | Killed Pikel
  6902 | D:7      | Reached skill level 12 in Long Blades
  7806 | D:8      | Noticed a death yak
  8068 | D:8      | Noticed Erica
  8089 | D:7      | HP: 3/64 [poisoned by Erica (bolt of poison)]
  8089 | D:7      | Slain by Erica

Illustrated notes

Levels and vault maps discovered:
D:1:      dpeg_arrival_simpleton_b, layout_rooms, basic_ecumenical_altar,
          minmay_tromino_v7
D:2:      layout_loops_ring, serial_shops, nicolae_shop_overgrown_old_shop,
          grunt_ministairs_3
D:3:      layout_rooms, grunt_temple_overflow_opulence, lemuel_tele_altar,
          serial_shops, shop, grunt_ministairs_2, uniq_ijyb, uniq_jessica,
          uniq_purgy, uniq_sigmund
D:4:      layout_rooms
D:5:      layout_cave_pools, nicolae_wu_jian_immortal_techniques,
          gammafunk_ghost_necromancy
D:6:      layout_loops_ring, minmay_temple_entry_offerings, serial_shops,
          nicolae_shop_stone, gup_ossuary_entry_pyramid
D:7:      layout_loops_ring, uniq_pikel
D:8:      layout_cave_pools, beargit_hepliaklqana_dungeon_heroes,
          amcnicky_altar_gilded, dpeg_lair_monsters, minmay_shattered_shrine,
          uniq_erica
Temple:   jpeg_temple_island

Skill      XL: |  1  2  3  4  5  6  7  8  9 |
---------------+----------------------------+-----
Long Blades    | 2 3 4 6 7 8 10 12 | 12.7
Fighting       | |  3.0
Armour         | |  2.6
Shields        | |  2.6

Action                   |  1- 3 |  4- 6 |  7- 9 || total
-------------------------+-------+-------+-------++-------
Melee: Long sword        |    64 |    64 |   310 ||   438
  Use: Potion            |       |     1 |     1 ||     2
       Scroll            |       |       |     9 ||     9
Armor: Scale mail        |    35 |    22 |    28 ||    85
       Skin              |       |       |    27 ||    27
       Chain mail        |       |       |    19 ||    19
Dodge: Dodged            |    30 |    17 |    69 ||   116
Block: Kite shield       |    37 |       |       ||    37
       Buckler           |     2 |    28 |   131 ||   161
       Reflection        |       |     3 |     3 ||     6
       Rpst.: Long sword |    11 |     4 |    21 ||    36

Table legend: (Time is in decaauts)
 A = Elapsed time spent in this place.
 B = Non-inter-level travel time spent in this place.
 C = Inter-level travel time spent in this place.
 D = Time resting spent in this place.
 E = Time spent auto-exploring this place.
 F = Levels seen in this place.
 G = Mean time per level.
                   A        B        C        D        E       F      G
               +--------+--------+--------+--------+--------+-----+--------+
         Total |   8160 |   7949 |    211 |   1072 |   5394 |  10 |  816.0 |
       Dungeon |   7345 |   7134 |    211 |   1066 |   4718 |   8 |  918.1 |
        Temple |    339 |    339 |      0 |      0 |    317 |   1 |  339.0 |
       Ossuary |    475 |    475 |      0 |      6 |    359 |   1 |  475.0 |
               +--------+--------+--------+--------+--------+-----+--------+

Top non-repeatable levels by time:
     D:6: 1502 daAuts
     D:7: 1402 daAuts
     D:2: 1069 daAuts
     D:4: 902 daAuts
     D:5: 825 daAuts
     D:1: 809 daAuts
     D:3: 697 daAuts
 Ossuary: 475 daAuts
  Temple: 339 daAuts
     D:8: 136 daAuts
